Cogmind - Beta 15 --- EXPLORER MODE // 2025.10.02 @ 23:51:00 Player: Akogishi Result: Destroyed by as-23477 with Assembled Heavy Rifle Performance ------------- Evolutions (0) 0 Regions Visited (0) 0 Robots Destroyed (0) 0 Value Destroyed (0) 0 Prototype IDs (0) 0 Alien Tech Used (0) 0 Bonus (0) 0 TOTAL SCORE: 0 Bonus ------- None Cogmind --------- Core Integrity 0/250 Matter 274/300 Energy 84/250 System Corruption 1% Temperature Cool (0) Movement Core (250) Ox4 Location -11/Scrapyard Parts ------- > --- POWER (1) -------- Ion Engine > --- PROPULSION (2) --- (None) > --- UTILITY (2) ------ Medium Storage Unit Targeting Computer > --- WEAPON (2) ------- (None) > --- INVENTORY (10) --- Structural Scanner Peak State ------------ > --- POWER ------------ Ion Engine > --- PROPULSION ------- Aluminum Leg Aluminum Leg > --- UTILITY ---------- Medium Storage Unit Light Armor Plating > --- WEAPON ----------- Light Assault Rifle Light Assault Rifle > --- INVENTORY -------- Light Treads [Rating: 7] Favorites ----------- Power Ion Engine Engine Ion Engine Propulsion Light Treads Treads Light Treads Leg Aluminum Leg Utility Light Armor Plating Storage Medium Storage Unit Processor Targeting Computer Protection Light Armor Plating Weapon Light Assault Rifle Ballistic Gun Light Assault Rifle Build | -11 ------- Run | Yrd Slots Evolved . | . Power . | . Propulsion . | . Utility . | . Weapon . | . Parts Attached 12 | 12 Power 2 | 2 Engine 2 | 2 Core . | . Reactor . | . Propulsion 4 | 4 Treads 2 | 2 Leg 2 | 2 Wheel . | . Hover . | . Flight . | . Utility 4 | 4 Device . | . Storage 1 | 1 Processor 1 | 1 Hackware . | . Protection 2 | 2 Artifact . | . Weapon 2 | 2 Energy Gun . | . Energy Cannon . | . Ballistic Gun 2 | 2 Ballistic Cannon . | . Launcher . | . Special Weapon . | . Impact Weapon . | . Slashing Weapon . | . Piercing Weapon . | . Special Melee Weapon . | . Unidentified Prototypes . | . Parts Lost 7 | 7 Power 1 | 1 Propulsion 2 | 2 Utility 2 | 2 Weapon 2 | 2 Highest Loss Streak 7 | 7 To Critical Strikes . | . Average Backups 3 | 3 Power . | . Propulsion . | . Utility 2 | 2 Weapon . | . Tool/Special . | . Unused Backups 2 | 2 Power . | . Propulsion . | . Utility 1 | 1 Weapon 1 | 1 Tool/Special . | . Average Slot Usage (%) . | . Peak Build Rating 7 | 7 Average Rating 6 | 6 On Entrance . | . Naked Turns . | . Heaviest Build 20 | 20 Greatest Support 40 | 40 Greatest Overweight (x) 5 | 5 Average Overweight (x) . | . Largest Inventory Capacity 10 | 10 Average Capacity 5 | 5 Most Carried 7 | 7 Average Carried 3 | 3 Final Capacity 10 | 10 Final Carried 1 | 1 Class Distribution -------------------- None Dominant Class ---------------- None Resources | -11 ----------- Run | Yrd Matter Collected 271 | 271 Remotely . | . Salvage Created . | . Parts . | . Haulers Intercepted . | . Recyclers Shooed . | . Parts Field Recycled . | . Retrieved Matter . | . Parts Self-Destructed . | . Prevented . | . Kills | -11 ------- Run | Yrd Combat Hostiles Destroyed . | . Classes Destroyed . | . Best Kill Streak . | . Combat Bots Only . | . Max Kills in Single Turn . | . Gunslinging . | . Exploded . | . Melee . | . Uniques/NPCs Destroyed . | . Combat | -11 -------- Run | Yrd Hostile Shots Fired 45 | 45 Missed 5 | 5 Hits 40 | 40 Melee 1 | 1 Projectile 39 | 39 AOE 32 | 32 Critical Strikes 1 | 1 Damage Taken 972 | 972 Core 254 | 254 Absorbed by Shields . | . Ignored by Resistances 557 | 557 Core Remaining (%) . | . Volleys Fired 1 | 1 Largest 2 | 2 Hottest 40 | 40 Shots Fired 2 | 2 Gun 2 | 2 Cannon . | . Launcher . | . Special . | . Kinetic 2 | 2 Thermal . | . Explosive . | . Electromagnetic . | . Robot Hit Streak 2 | 2 Robot Miss Streak . | . Penetration Max . | . Secondary Targets . | . Shots Hit Robots 2 | 2 Core Hits . | . Critical Kills . | . Critical Parts Destroyed . | . Critical Strikes . | . Melee Attacks . | . Impact . | . Slashing . | . Piercing . | . Sneak Attacks . | . Combat Hostiles . | . Follow-up Attacks . | . Damage Inflicted 12 | 12 Guns 12 | 12 Cannons . | . Explosions . | . Melee . | . Ramming . | . Kinetic 12 | 12 Thermal . | . Explosive . | . Electromagnetic . | . Impact . | . Slashing . | . Piercing . | . Highest Corruption 1 | 1 Average Corruption 1 | 1 Corruption Purged . | . Corruption Blocked . | . Overload Shots . | . Overflow Damage . | . Projectiles . | . Explosions . | . Melee . | . Knockbacks . | . Impact . | . Kinetic . | . Secondary . | . Self-Inflicted Damage . | . Shots . | . Rammed . | . Targets Rammed . | . Kicked . | . Crushed . | . Highest Temperature 12 | 12 Average Temperature 9 | 9 Received Heat Transfer . | . Siege Activations . | . Martial Activations . | . Shielding Activations . | . Robots Disrupted . | . Combat Hostiles . | . Robots Corrupted . | . Combat Hostiles . | . Parts Fried . | . Impact Corruptions . | . Robots Melted . | . Combat Hostiles . | . Parts Melted . | . Heat Transferred . | . Parts Sabotaged . | . Parts Stolen . | . Parts Stripped . | . Power Chain Reactions . | . Alert | -11 ------- Run | Yrd Maximum Alert Level . | . Low Security (%) 100 | 100 Level 1 . | . Level 2 . | . Level 3 . | . Level 4 . | . Level 5 . | . High Security . | . Max Security . | . Peak Influence . | . Initial . | . Average . | . Influence Increases . | . Influence Decreases . | . Squads Dispatched . | . Investigation . | . Extermination . | . Reinforcement . | . Assault . | . Garrison . | . Intercept . | . Searches Triggered . | . Construction Impeded . | . Haulers Reinforced . | . Active Scanning Responses . | . Cargo Convoy Interrupts . | . Stealth | -11 --------- Run | Yrd Distress Signals . | . Communications Jammed . | . Distress Signals . | . Times Spotted 7 | 7 Peak Tracking Total 5 | 5 Tactical Retreats . | . Traps | -11 ------- Run | Yrd Traps Triggered . | . Indirectly . | . Trap Hack Attempts . | . Triggered . | . Disarmed . | . Reprogrammed . | . Reused . | . Traps Extracted . | . Installed . | . Triggered . | . Machines | -11 ---------- Run | Yrd Machines Disabled . | . Max in Single Turn . | . Machines Repaired . | . Machines Dismantled . | . Machines Sabotaged . | . Overloaded Fab Kills . | . Hacking | -11 --------- Run | Yrd Machines Accessed . | . Terminals . | . Fabricators . | . Repair Stations . | . Recycling Units . | . Scanalyzers . | . Garrison Access . | . Total Hacks . | . Successful . | . Failed . | . Catastrophic . | . Database Lockouts . | . Manual . | . Terminals . | . Fabricators . | . Repair Stations . | . Recycling Units . | . Scanalyzers . | . Garrison Access . | . Terminal Hacks . | . Fabricator Hacks . | . Repair Station Hacks . | . Recycling Unit Hacks . | . Scanalyzer . | . Garrison Access Hacks . | . Unauthorized Hacks . | . Terminals . | . Fabricators . | . Repair Stations . | . Recycling Units . | . Scanalyzers . | . Garrison Access . | . Data Cores Recovered . | . Used . | . Hacking Detections . | . Full Trace Events . | . Feedback Events . | . Feedback Blocked . | . Robot Schematics Acquired . | . Robots Built . | . Authchips . | . Time . | . Total Robot Build Rating . | . Part Schematics Acquired . | . Parts Built . | . Authchips . | . Time . | . Total Part Build Rating . | . Parts Repaired . | . Time . | . Parts Recycled . | . Recycled Matter . | . Retrieved Matter . | . Retrieved Components . | . Parts Scanalyzed . | . Part Schematics Acquired . | . Parts Damaged . | . Bothacking | -11 ------------ Run | Yrd Used RIF Installer . | . Robots Hacked . | . Non-combat . | . Combat . | . Robot Hacks Applied . | . Relay Couplers Released . | . Fabnet Peak Effective % . | . Robots Rewired . | . Allies Hacked . | . Hacks Repelled . | . Allies | -11 -------- Run | Yrd Total Allies . | . Largest Group . | . Highest-Rated Group . | . Highest-Rated Ally . | . Total Orders . | . Ally Attacks . | . Total Damage . | . Kills . | . Allies Corrupted . | . Allies Melted . | . Intel | -11 ------- Run | Yrd Active Infowar (turns) . | . Robot Analysis Total . | . Derelict Logs Recovered . | . Drone Launches . | . Drone Recoveries . | . Exploration | -11 ------------- Run | Yrd Turns Passed 805 | 805 Spaces Moved 87 | 87 Core 17 | 17 Treads 33 | 33 Legs 37 | 37 Wheels . | . Hover . | . Flight . | . Fastest Speed 50 | 50 Average Speed 154 | 154 Slowest Speed 300 | 300 Overloaded Moves . | . Propulsion Burnouts . | . Robots Hopped . | . Potential Cave-ins 1 | 1 Cave-ins Triggered . | . Exploration Rate (%) 19 | 19 Regions Visited . Branch Regions . Pre-discovered Areas . | . Known Exits Taken . | . Unknown Exits Taken . | . Scrap Searched . | . Spaces Dug . | . Terrain Destroyed . | . Melee . | . Projectile . | . AOE . | . Terrain Rammed . | . Walls Destroyed . | . Machines Disabled . | . Actions | -11 --------- Run | Yrd Total 753 | 753 Wait 642 | 642 Move 87 | 87 Hop . | . Pick Up 7 | 7 Fast Attach 7 | 7 Attach 3 | 3 Detach . | . Swap 3 | 3 Drop 3 | 3 Fire 1 | 1 Melee . | . Ram . | . Kick . | . Crush . | . Escape Stasis . | . Rewire . | . Trap . | . Miscellaneous . | . Route ------- -11/Scrapyard (discovered 1 exit: *Mat) History --------- Turn | Location | Event 4 | -11/Scrapyard | Identified exit to Materials 4 | -11/Scrapyard | Discovered exit to Materials (range 15) 750 | -11/Scrapyard | Assembled infested the area 797 | -11/Scrapyard | Core integrity fell below 50% 800 | -11/Scrapyard | Core integrity fell below 20% 806 | -11/Scrapyard | Destroyed by as-23477 with Assembled Heavy Rifle Last Messages --------------- The unstable cave ceiling collapses. T-07 Excavator is excavating. K-01 Serf collects debris. Lgt. Armor Plating destroyed. T-07 Excavator is excavating. K-01 Serf collects debris. The unstable cave ceiling collapses. K-01 Serf collects debris. The unstable cave ceiling collapses. T-07 Excavator is excavating. Lgt. Treads destroyed. Lgt. Assault Rifle destroyed. Lgt. Armor Plating destroyed. System corrupted by crushing effect (+1). as-20393 destroyed. as-77418 destroyed. Lgt. Treads destroyed. Ion Engine destroyed. The unstable cave ceiling collapses. Lgt. Assault Rifle destroyed. Map ----- +----------------------------------------------------+ | | | | | | | ?????????????????????????????????????????????????? | | ?????????????????????????????????????????????????? | | ?????????????????????????????????????????????????? | | ?????????????????????????????????????????????????? | | ?????????????????????????????????????????????????? | | ?????????????????????????????????????????????????? | | ?????????????????????????????????????????????????? | | ?????????????????????????????????????????????????? | | ?????????????????????????????????????????????????? | | ?????????????????????????????????????????????????? | | ???????????????????? ????????????????????????????? | | ?????????????????????"???????????????????????????? | | ????????????????????? ???????????????????????????? | | ?????????????????????#a??????????????????????????? | | ?????????????????????# ??????????????????????????? | | ?????????????????????#|??????????????????????????? | | ?????????????????????# ?????????????????????????? | | ?????????????????????# a?????????????????????????? | | ?????????????????????# ##########???????????????? | | ?????????????????????# a # ####????????????? | | ????????????????????## #????????????? | | ????????????????????# ###########???? | | ????????????????????# @ # ##? | | ????????????????????# a #? | | ????????????????????### #? | | ??????????????????????# #? | | ??????????????????????### dd #####??? | | ????????????????????????# #???? | | ????????????????????????### # #???? | | ??????????????????????????###### ##??? | | ???????????????????????????????# ##?? | | ???????????????????????????????## # ### | | ????????????????????????????????### | | ?????????????????????????????###??## | | ???????????????????????????? # | | ???????????????????????????? | | ???????????????????????????? # | | ???????????????????????????? # | | ???????????????????????????########## | | ???????????????????????????? | | ???????????????????????????? | | ?????????????????????????????######### # | | ?????????????????????????????????????# ## # | | ?????????????????????????????????????# | | ?????????????????????????????????????## # | | ??????????????????????????????????????# # # ### | | ???????????????????????????##########?# # | +----------------------------------------------------+ Best States ------------- Heat Dissipation 25 Energy Generation 10 Energy Capacity 250 Matter Stores 290 Matter Capacity 300 Sight Range 16 Terrain Scan Density 10 Armor Coverage 300 Resistance: KI 35 Resistance: TH 35 Resistance: EX 35 Resistance: EM 35 Resistance: I 35 Resistance: S 35 Resistance: P 35 Evasion (%) 55 Recoil Reduction 2 Offensive Hacking 20 Item Schematics ----------------- None Robot Schematics ------------------ None Fabricated ------------ Nothing Repaired ---------- Nothing Alien Tech Used ----------------- None Achievements -------------- None Challenges ------------ None Game ------ Seed PhasingCannonSink Manual? 0 Play Time 00:06:32 Cumulative 11.9 hours Start 2025.10.02 @ 23:47:41 End 2025.10.02 @ 23:51:00 Sessions 0 Manual Loads 0 Difficulty Explorer Special Mode None Game No. 9 Rogue 0 Adventurer 0 Explorer 9 Win Type - Total 0 Types 0/0/0/0/0/0/0/0/0/0 Lore% 4 Gallery% 14 Achievement% 14 Wizard Run 0 Options --------- Layout 1 ASCII 0 Keyboard 0 Movement Numpad Keybinds 0 Fullscreen 1 Font 24/Smallcaps Map View 50x35 Zoom Use 0% Tactical HUD 0 Map Filters NONE Filters NONE Steam 1 RUN: 5543a436-a763-4b7d-a32e-d9da6dfb970b